 Dungeon Crawl Stone Soup version 0.25-a0-482-g9b3b753f3f (webtiles) character file.

Game seed: 17080248812025296218, levelgen mode: deterministic

63 Notrik the Skirmisher (level 4, 0/41 HPs)
             Began as a Hill Orc Fighter on Feb 10, 2020.
             Slain by a centaur (4 damage)
             ... on level 2 of the Dungeon.
             The game lasted 00:01:47 (1491 turns).

Notrik the Skirmisher (Hill Orc Fighter)            Turns: 1491, Time: 00:01:48

Health: 0/41       AC:  7    Str: 19    XL:     4   Next: 9%
Magic:  4/4        EV:  7    Int:  8    God:
Gold:   54         SH:  9    Dex: 10    Spells: 3/3 levels left

rFire    . . .     SeeInvis .   a - +0 war axe
rCold    . . .     Gourm    .   c - +0 shield
rNeg     . . .     Faith    .   b - +0 scale mail
rPois    .         Spirit   .   (no helmet)
rElec    .         Reflect  .   (no cloak)
rCorr    .         Harm     .   (no gloves)
MR       .....                  (no boots)
Stlth    ..........             (no amulet)
HPRegen  0.13/turn              (no ring)
MPRegen  0.09/turn              (no ring)

@: no status effects
A: no striking features
a: no special abilities


You were on level 2 of the Dungeon.
You were not hungry.

You visited 1 branch of the dungeon, and saw 2 of its levels.

You collected 54 gold pieces.

Inventory:

Hand Weapons
 a - a +0 war axe (weapon)
Armour
 b - a +0 scale mail (worn)
 c - a +0 shield (worn)
Jewellery
 i - an uncursed ring of resist corrosion {unknown}
   (You found it on level 1 of the Dungeon)
Scrolls
 j - a scroll of noise {unknown}
 k - a scroll of enchant weapon {unknown}
 l - a scroll of enchant armour {unknown}
 m - a scroll of remove curse {unknown}
 n - a scroll of teleportation {unknown}
Potions
 d - 2 potions of might
 f - a potion of flight {unknown}
 g - 3 potions of heal wounds {unknown}
 h - a potion of magic {unknown}
 o - a potion of mutation {unknown}
 p - a potion of curing {unknown}
Comestibles
 e - 3 rations {!d}
 q - 2 chunks of flesh


   Skills:
 * Level 4.6 Fighting
 + Level 3.5 Axes
 + Level 3.7 Armour
 + Level 3.7 Shields


You had 3 spell levels left.
You didn't know any spells.
Your spell library was empty.

Dungeon Overview and Level Annotations

Branches:
Dungeon (2/15)

Altars:
Sif Muna


Message History

You barely miss the centaur. The centaur hits you.
* * * LOW HITPOINT WARNING * * *
You block the centaur's attack. The dart slug launches a dart at you.
You block the slug dart.
You hit the centaur. The centaur closely misses you.
You block the centaur's attack.
You hit the centaur but do no damage. The centaur hits you.
* * * LOW HITPOINT WARNING * * *
The centaur hits you.
* * * LOW HITPOINT WARNING * * *
The centaur wields a +0 shortbow.
The centaur shoots an arrow.
The arrow barely misses you.
The centaur shoots an arrow.
The arrow hits you but does no damage.
The centaur shoots an arrow.
You block the arrow.
You see here 3 arrows.
The centaur shoots an arrow.
The arrow hits you but does no damage.
You are too injured to fight recklessly!
You are too injured to fight recklessly!
You are too injured to fight recklessly!
You are too injured to fight recklessly!
You are too injured to fight recklessly!
You are too injured to fight recklessly!
You are too injured to fight recklessly!
You are too injured to fight recklessly!
You are too injured to fight recklessly!
You are too injured to fight recklessly!
You are too injured to fight recklessly!
You are too injured to fight recklessly!
You are too injured to fight recklessly!
You are too injured to fight recklessly!
You are too injured to fight recklessly!
You are too injured to fight recklessly!
You are too injured to fight recklessly!
You are too injured to fight recklessly!
Okay, then.
You hit the dart slug. The dart slug barely misses you.
You hit the dart slug but do no damage.
The dart slug bites you but does no damage.
You slash the dart slug!
You kill the dart slug!
The centaur shoots an arrow.
The arrow barely misses you.
The centaur shoots an arrow.
The arrow hits you but does no damage.
The centaur unwields a +0 shortbow.
You block the centaur's attack.
Things that are here:
3 arrows; a dart slug corpse The centaur barely misses you.
The centaur hits you.
* * * LOW HITPOINT WARNING * * *
You hit the centaur. The centaur hits you.
You die...

#.# #.# # #.# .#
#.# .# #.###.#
#.....#
##..#..#####
#(@c........
###(###############
#.(..............
#################


You could see a centaur.

Vanquished Creatures
  2 worms (D:2)
  2 dart slugs
  2 leopard geckos (D:1)
  2 ball pythons (D:2)
  2 giant cockroaches
  6 goblins
  6 hobgoblins
  6 jackals
  3 bats
  2 frilled lizards
  6 kobolds
  8 rats
47 creatures vanquished.

Notes
Turn   | Place    | Note
-------+----------+-------------------------------------------
     0 | D:1      | Notrik the Hill Orc Fighter began the quest for the Orb.
     0 | D:1      | Reached XP level 1. HP: 19/19 MP: 1/1
    75 | D:1      | Reached XP level 2. HP: 22/27 MP: 2/2
   149 | D:1      | Reached skill level 4 in Fighting
   268 | D:1      | Reached XP level 3. HP: 33/33 MP: 3/3
  1048 | D:2      | Found a shimmering blue altar of Sif Muna.
  1299 | D:2      | Reached XP level 4. HP: 31/41 MP: 4/4
  1470 | D:2      | Noticed a centaur
  1491 | D:2      | Slain by a centaur

Levels and vault maps discovered:
D:1:      lightli_arrival_isolated_outpost, layout_rooms,
          minmay_misc_feat_plants, serial_park_tiny_2,
          corexii_item_surrounded_by_moat
D:2:      layout_basic, led_sif_pool, minmay_cupped

Skill      XL: |  1  2 |
---------------+-------+-----
Fighting       | 4 |  4.6
Axes           | 3 |  3.5
Armour         | |  3.7
Shields        | |  3.7

Action                   |  1- 3 |  4- 6 || total
-------------------------+-------+-------++-------
Melee: War axe           |    99 |    24 ||   123
  Eat: Chunk             |     1 |     1 ||     2
Armor: Scale mail        |    54 |    13 ||    67
Dodge: Dodged            |    29 |     8 ||    37
Block: Shield            |    70 |    15 ||    85

Table legend:
 A = Non-vault XP
 B = Vault XP
 C = Vault XP percentage of total XP
 D = Non-vault monster count
 E = Vault monster count
 F = Vault count percentage of total count
                 A         B        C        D         E       F
            +---------+---------+-------+---------+---------+-------
      Total |      79 |      11 |  12.2 |      42 |       5 |  10.6
            +---------+---------+-------+---------+---------+-------
        D:1 |      46 |       0 |   0.0 |      26 |       0 |   0.0
        D:2 |      33 |      11 |  25.0 |      16 |       5 |  23.8
            +---------+---------+-------+---------+---------+-------
